 Dungeon Crawl Stone Soup version 0.28.0-1-gb440e238dd (webtiles) character file.

Game seed: 4441905467261031923

34 Ablot the Grasshopper (level 3, 0/31 HPs)
             Began as a Gnoll Warper on Feb 26, 2022.
             Slain by a hobgoblin (3 damage)
             ... on level 1 of the Dungeon.
             The game lasted 00:01:08 (961 turns).

Ablot the Grasshopper (Gnoll Warper)                 Turns: 961, Time: 00:01:09

Health: 0/31       AC:  3    Str: 12    XL:     3   Next: 31%
Magic:  9/9        EV: 12    Int: 12    God:
Gold:   1          SH:  0    Dex: 11    Spells: 10/12 levels left

rFire   . . .      SeeInvis .   a - +0 spear
rCold   . . .      Faith    .   (no shield)
rNeg    . . .      Spirit   .   b - +0 leather armour
rPois   .          Reflect  .   (no helmet)
rElec   .          Harm     .   h - scarf {shadows}
rCorr   .          Rampage  .   (no gloves)
Will    .....                   (no boots)
Stlth   +.........              (no amulet)
HPRegen 0.10/turn               (no ring)
MPRegen 0.11/turn               (no ring)

@: no status effects
A: fangs 1, strong nose, distributed training
a: no special abilities


You were on level 1 of the Dungeon.
You visited 1 branch of the dungeon, and saw 2 of its levels.

You collected 11 gold pieces.
You spent 10 gold pieces at shops.

Inventory:

Hand Weapons
 a - a +0 spear (weapon)
Missiles
 d - 5 boomerangs of dispersal (quivered)
 f - 27 arrows
 g - 12 sling bullets
 j - a stone
Armour
 b - a +0 leather armour (worn)
 h - a scarf of shadows (worn)
Scrolls
 c - a scroll of blinking
 e - 2 scrolls of teleportation {unknown}
 k - a scroll of immolation
 l - a scroll of identify {unknown}
 m - a scroll of fog {unknown}
Potions
 i - a potion of might {unknown}


   Skills:
 + Level 4.5 Fighting
 + Level 0.7 Short Blades
 + Level 0.7 Long Blades
 + Level 0.7 Axes
 + Level 0.7 Maces & Flails
 + Level 4.5 Polearms
 + Level 0.7 Staves
 + Level 0.7 Slings
 + Level 0.7 Bows
 + Level 0.7 Crossbows
 + Level 2.6 Throwing
 + Level 2.6 Armour
 + Level 4.5 Dodging
 + Level 0.7 Stealth
 + Level 0.7 Shields
 + Level 0.7 Unarmed Combat
 + Level 5.0 Spellcasting
 + Level 0.5 Conjurations
 + Level 0.5 Hexes
 + Level 0.5 Summonings
 + Level 0.5 Necromancy
 + Level 5.4 Translocations
 + Level 0.5 Transmutations
 + Level 0.5 Fire Magic
 + Level 0.5 Ice Magic
 + Level 0.5 Air Magic
 + Level 0.5 Earth Magic
 + Level 0.5 Poison Magic
 + Level 0.9 Invocations
 + Level 0.7 Evocations


You had 10 spell levels left.
You knew the following spells:

 Your Spells              Type           Power      Damage    Failure   Level
a - Blink                 Tloc           32%        N/A       4%          2

Your spell library contained the following spells:

 Spells                   Type           Power      Damage    Failure   Level
 Gell's Gravitas          Tloc           16%        N/A       9%          3
 Lesser Beckoning         Tloc           16%        N/A       9%          3
 Teleport Other           Tloc           16%        N/A       9%          3
 Manifold Assault         Tloc           16%        N/A       58%         5


Dungeon Overview and Level Annotations

Branches:
Dungeon (2/15)

Altars:

Shops:
D:1 ?


Innate Abilities, Weirdness & Mutations

You have very sharp teeth.
Your uncanny sense of smell can sniff out nearby items.
Your experience applies equally to all skills.


Message History

You closely miss the adder. The hobgoblin hits you.
The adder closely misses you.
You hit the adder.
The adder is lightly wounded.
The adder bites you. The hobgoblin closely misses you.
You barely miss the adder.
The adder is lightly wounded.
The adder bites you but does no damage. The hobgoblin hits you.
You hit the adder.
The adder is heavily wounded.
The adder bites you but does no damage. The hobgoblin hits you.
You barely miss the adder. Your punch misses the adder.
The adder is heavily wounded.
The adder bites you but does no damage. The hobgoblin hits you.
You completely miss the adder. Your bite misses the adder.
The adder is heavily wounded.
The adder misses you. The hobgoblin misses you.
You miss the adder.
The adder is heavily wounded.
The adder bites you but does no damage. The adder closely misses you.
You hit the adder but do no damage.
The adder is heavily wounded.
The hobgoblin closely misses you. The adder bites you.
You barely miss the adder.
The adder is heavily wounded.
The hobgoblin hits you.
* * * LOW HITPOINT WARNING * * *
The adder bites you.
* * * LOW HITPOINT WARNING * * *
You hit the adder.
You kill the adder!
The hobgoblin hits you.
* * * LOW HITPOINT WARNING * * *
Your Spellcasting skill increases to level 5!
You closely miss the hobgoblin. Your bite misses the hobgoblin.
The hobgoblin barely misses you.
You hit the hobgoblin.
The hobgoblin is almost dead.
The hobgoblin hits you.
You die...

#.......## ##.......#...
#.#......## ##......#.#...
#.##......## ##......##.#.##
#.###......###......###.#...
#..###......#......###..####
##.####...........####.#####
#..# ##.........## #..##...
##.## ##.......## ##.##..##
#..## ##.@g..## ##..#...##
##..## ##...## ##..##.#.#.
##..## ##.## ##..##..#.#.
##..## #.# ##..###......
##..###.###..##........
##...#.#...###........
###.....###..........
####### #.###......
#...#######


You could see a hobgoblin.

Vanquished Creatures
  An adder (D:1)
  A dart slug (D:1)
  A ball python (D:1)
  5 endoplasms (D:1)
  2 goblins (D:1)
  3 kobolds (D:1)
  3 quokkas (D:1)
  A bat (D:1)
  A frilled lizard (D:1)
  4 rats (D:1)
22 creatures vanquished.

Notes
Turn   | Place    | Note
-------+----------+-------------------------------------------
     0 | D:1      | Ablot the Gnoll Warper began the quest for the Orb.
     0 | D:1      | Reached XP level 1. HP: 20/20 MP: 6/6
   247 | D:1      | Reached XP level 2. HP: 26/26 MP: 7/7
   258 | D:1      | Learned a level 2 spell: Blink
   568 | D:1      | Found a faded altar of an unknown god.
   685 | D:1      | Found Gype Eta's Magic Scroll Boutique.
   690 | D:1      | Reached XP level 3. HP: 29/31 MP: 9/9
   707 | D:1      | Bought a scroll of noise for 10 gold pieces
   951 | D:1      | Reached skill level 5 in Spellcasting
   961 | D:1      | Slain by a hobgoblin

Illustrated notes

Levels and vault maps discovered:
D:1:      dpeg_arrival_central, layout_rooms, hellmonk_ecumenical_altar_blasted,
          serial_shops, nicolae_shop_hallway_plus
D:2:      layout_basic, minmay_cut_off

Skill      XL: |  1  2  3 |
---------------+----------+-----
Spellcasting   | 5 |  5.0
Fighting       | |  4.5
Short Blades   | |  0.7
Long Blades    | |  0.7
Axes           | |  0.7
Maces & Flails | |  0.7
Polearms       | |  4.5
Staves         | |  0.7
Slings         | |  0.7
Bows           | |  0.7
Crossbows      | |  0.7
Throwing       | |  2.6
Armour         | |  2.6
Dodging        | |  4.5
Stealth        | |  0.7
Shields        | |  0.7
Unarmed Combat | |  0.7
Conjurations   | |  0.5
Hexes          | |  0.5
Summonings     | |  0.5
Necromancy     | |  0.5
Translocations | |  5.4
Transmutations | |  0.5
Fire Magic     | |  0.5
Ice Magic      | |  0.5
Air Magic      | |  0.5
Earth Magic    | |  0.5
Poison Magic   | |  0.5
Invocations    | |  0.9
Evocations     | |  0.7

Action                   || total
-------------------------++-------
Melee: Spear             ||    86
       Bite              ||     3
       Punch             ||     1
 Stab: Sleeping          ||     1
Armor: Leather armour    ||    19
Dodge: Dodged            ||    49
